[Event "18th IRI-chT Super League 2019"]
[Site "Tehran"]
[Date "2019.11.25"]
[Round "5.5"]
[White "Parvin, Zahra"]
[Black "Zahedifar, Anahita"]
[Result "0-1"]
[ECO "B13"]
[WhiteElo "1587"]
[BlackElo "2074"]
[Annotator "NA RC"]
[PlyCount "58"]
[EventDate "2019.11.23"]
[EventType "team-tourn"]
[EventCountry "IRI"]
[SourceTitle "playchess.com"]
[Source "ChessBase"]
[SourceQuality "1"]
[TimeControl "5400+30"]

1. e4 c6 2. d4 d5 3. exd5 cxd5 4. Bd3 Nf6 5. c3 Bg4 6. Qb3 Qc7 7. f3 $146 {[%emt 0:03:45] B13: Caro-Kann: Exchange Variation and Panov-Botvinnik Attack} (7. h3 Bh5 8. g4 Bg6 9. Bxg6 hxg6 10. g5 Nfd7 11. Qxd5 e5 12. Ne2 Nc6 13. Be3 Nb6 14. Qe4 O-O-O {0-1 (44) Tukhaev,A (2542)-Mchedlishvili,M (2608) Ankara 2018}) 7... Bh5 8. Bf4 Qc8 9. g4 Bg6 10. Bxg6 hxg6 11. g5 {[%emt 0:00:17] [#]} (11. h4 $11) 11... Nh5 $1 12. Bxb8 Rxb8 13. Ne2 e6 14. Qa4+ b5 15. Qxa7 Bd6 16. a4 b4 17. Nd2 bxc3 18. bxc3 Qc6 19. Rb1 Rxb1+ 20. Nxb1 O-O 21. Qa5 Rb8 22. O-O Qc4 23. Re1 Qd3 24. c4 Qe3+ 25. Kg2 {[%emt 0:01:08] [#]} Bb4 (25... Rxb1 $142 $1 26. cxd5 (26. Rxb1 Qxe2+) 26... Rxe1 27. Qxe1 {[#]} Nf4+ $1 28. Nxf4 Qxe1 29. Nd3 Qe2+ 30. Kg1 Qxd3 31. dxe6 fxe6 32. Kf2 Bf4 33. Kg1 Qxf3 34. h3 Be3+ {[%mdl 64] Double Attack} 35. Kh2 Qf2+ 36. Kh1 Qg1#) 26. Qc7 Rf8 (26... Bxe1 $142 27. Qxb8+ {[#]} Kh7 $1 ) 27. Rf1 Qxe2+ 28. Rf2 Qe3 29. Qb6 Qxg5+ 0-1

[Event "18th IRI-chT Super League 2019"]
[Site "Tehran"]
[Date "2019.11.25"]
[Round "5.7"]
[White "Asgarizadeh, Ahmad"]
[Black "Mosadeghpour, Masoud"]
[Result "1/2-1/2"]
[ECO "B57"]
[WhiteElo "2449"]
[BlackElo "2500"]
[Annotator "ChessBase"]
[PlyCount "34"]
[EventDate "2019.11.23"]
[EventType "team-tourn"]
[EventCountry "IRI"]
[SourceTitle "playchess.com"]
[Source "ChessBase"]
[SourceQuality "1"]
[TimeControl "5400+30"]

1. e4 c5 2. Nf3 d6 3. d4 cxd4 4. Nxd4 Nf6 5. Nc3 Nc6 6. Bc4 e5 7. Nf3 Be6 8. Qe2 Rc8 9. Nd5 Be7 10. O-O O-O 11. Rd1 Bxd5 12. Bxd5 Nxd5 13. Rxd5 Nb4 14. Rd2 Qc7 15. c3 Na6 16. Ne1 Qc6 17. Nc2 Rfd8 1/2-1/2

[Event "18th IRI-chT Super League 2019"]
[Site "Tehran"]
[Date "2019.11.26"]
[Round "6.2"]
[White "Mosadeghpour, Masoud"]
[Black "Ghaem Maghami, Ehsan"]
[Result "1-0"]
[ECO "C95"]
[WhiteElo "2500"]
[BlackElo "2552"]
[Annotator "RC"]
[PlyCount "99"]
[EventDate "2019.11.23"]
[EventType "team-tourn"]
[EventCountry "IRI"]
[SourceTitle "playchess.com"]
[Source "ChessBase"]
[SourceQuality "1"]
[TimeControl "5400+30"]

1. e4 e5 2. Nf3 Nc6 3. Bb5 a6 4. Ba4 Nf6 5. O-O Be7 6. Re1 b5 7. Bb3 d6 8. c3 O-O 9. h3 Nb8 10. d4 Nbd7 11. c4 c6 12. Nc3 b4 13. Ne2 Nxe4 14. Qc2 f5 15. c5+ d5 16. Be3 Kh8 17. Nxe5 Nxe5 18. dxe5 f4 19. Nxf4 Bf5 20. g4 Bc8 21. Rad1 Ng5 22. Kg2 Qc7 23. Bc1 a5 24. Ba4 Rb8 25. f3 Nxf3 26. Kxf3 g5 27. e6 Ba6 28. b3 Kg8 29. Kg2 gxf4 30. Kf3 Rbe8 31. Bb2 Bh4 32. Re5 Bf6 33. Rde1 Bb7 34. Rf5 Qg7 35. h4 Bxb2 36. Rg5 Bc3 37. Re2 Rf6 38. Rxg7+ Kxg7 39. g5 Rfxe6 40. Rxe6 Rxe6 41. Qf5 Re7 42. h5 Re3+ 43. Kxf4 Bd2 44. Kg4 Ba6 45. Qf6+ Kg8 46. Qd8+ Kf7 47. Qc7+ Re7 48. g6+ hxg6 49. hxg6+ Kf6 50. Qd6+ 1-0

[Event "18th IRI-chT Super League 2019"]
[Site "Tehran"]
[Date "2019.11.26"]
[Round "6.10"]
[White "Sebt Rasoul, Seyede Setare"]
[Black "Asgharzadeh, Mitra"]
[Result "1/2-1/2"]
[ECO "B76"]
[WhiteElo "2068"]
[BlackElo "2193"]
[Annotator "RC"]
[PlyCount "89"]
[EventDate "2019.11.23"]
[EventType "team-tourn"]
[EventCountry "IRI"]
[SourceTitle "playchess.com"]
[Source "ChessBase"]
[SourceQuality "1"]
[TimeControl "5400+30"]

1. e4 c5 2. Nf3 d6 3. d4 cxd4 4. Nxd4 Nf6 5. Nc3 g6 6. Be3 Bg7 7. f3 O-O 8. Qd2 Nc6 9. g4 Nxd4 10. Bxd4 Be6 11. h4 Qa5 12. h5 Rfc8 13. a3 a6 14. Rh2 b5 15. h6 Bh8 16. g5 Ne8 17. Bxh8 Kxh8 18. f4 Rab8 19. Re2 Bc4 20. Re3 Bxf1 21. Kxf1 b4 22. Nd5 Qb5+ 23. Kg1 bxa3 24. bxa3 Qd7 25. Kh1 Qa4 26. Rc1 e6 27. Nb4 Rc4 28. Qd3 Rbc8 29. Re2 a5 30. Na2 Rd4 31. Qe3 Rcc4 32. Qf3 Qc6 33. Rce1 Rxc2 34. Rxc2 Qxc2 35. Qc3 Qxc3 36. Nxc3 Kg8 37. Rb1 Kf8 38. Rb8 Rc4 39. Nb5 Rc6 40. e5 dxe5 41. fxe5 Ke7 42. Rb7+ Kf8 43. Rb8 Ke7 44. Rb7+ Kf8 45. Rb8 1/2-1/2